 Dungeon Crawl Stone Soup version 0.24.0-28-g17ded55e90 (webtiles) character file.

Game seed: 8627566998580079723, levelgen mode: deterministic

734 Delamore the Cleaver (level 7, -2/57 HPs)
             Began as a Hill Orc Fighter on Nov 13, 2019.
             Was an Initiate of Qazlal.
             Slain by a warg (8 damage)
             ... led by the wrath of Beogh
             ... on level 5 of the Dungeon.
             The game lasted 00:05:45 (3331 turns).

Delamore the Cleaver (Hill Orc Fighter)             Turns: 3331, Time: 00:05:45

Health: -2/57      AC:  8    Str: 21    XL:     7   Next: 74%
Magic:  7/7        EV: 10    Int:  8    God:    Qazlal [......]
Gold:   250        SH:  9    Dex: 10    Spells: 6/6 levels left

rFire    . . .     SeeInvis .   a - +1 war axe
rCold    . . .     Gourm    +   c - +0 shield
rNeg     . . .     Faith    .   b - +0 scale mail
rPois    .         Spirit   .   (no helmet)
rElec    .         Reflect  .   (no cloak)
rCorr    .         Harm     .   (no gloves)
MR       .....                  w - +0 pair of boots
Stlth    ..........             i - amulet of the gourmand
HPRegen  0.19/turn              p - +3 ring of evasion
MPRegen  0.10/turn              (no ring)

@: no status effects
A: no striking features
a: Renounce Religion


You were on level 5 of the Dungeon.
You worshipped Qazlal.
Qazlal was noncommittal.
You were not hungry.

You visited 2 branches of the dungeon, and saw 6 of its levels.

You collected 250 gold pieces.

Inventory:

Hand Weapons
 a - a +1 war axe (weapon)
Armour
 b - a +0 scale mail (worn)
 c - a +0 shield (worn)
 w - a +0 pair of boots (worn)
Jewellery
 i - an amulet of the gourmand (around neck)
 p - a +3 ring of evasion (left hand)
 x - an uncursed ring of resist corrosion {unknown}
Wands
 v - a wand of clouds (3)
Scrolls
 e - 2 scrolls of remove curse
 g - 6 scrolls of identify {unknown}
 h - a scroll of noise {unknown}
 l - 5 scrolls of teleportation {unknown}
 m - a scroll of immolation {unknown}
 n - a scroll of enchant armour {unknown}
 q - 2 scrolls of magic mapping
 z - a scroll of enchant weapon
Potions
 d - 4 potions of might
 j - a potion of cancellation {unknown}
 k - 2 potions of curing {unknown}
 o - a potion of brilliance {unknown}
 r - 2 potions of berserk rage {unknown}
 s - a potion of degeneration {unknown}
 t - a potion of agility {unknown}
 u - 4 potions of mutation {unknown}
Comestibles
 f - 4 rations


   Skills:
 - Level 3.6 Fighting
 + Level 11.0 Axes
 - Level 3.2 Armour
 - Level 3.2 Shields


You had 6 spell levels left.
You didn't know any spells.
Your spell library was empty.

Dungeon Overview and Level Annotations

Branches:
Dungeon (5/15)             Temple (1/1) D:4

Altars:
Ashenzari
Cheibriados
Dithmenos
Fedhas
Gozag
Hepliaklqana
Kikubaaqudgha
Makhleb
Nemelex Xobeh
Okawaru
Qazlal
Trog
Uskayaw
Wu Jian
Yredelemnul
Zin
The Shining One
Beogh

Shops:
D:4 (**(


Message History

As you read the scroll labeled YDUFAGH SEOSS, it crumbles to dust.
It is a scroll of enchant weapon.
Your +0 war axe glows red for a moment.
The warg bites you.
* * * LOW HITPOINT WARNING * * *
The orc knight hits you with a +1 great sword.
* * * LOW HITPOINT WARNING * * *
The orc hits you but does no damage.
Okay, then.
As you read the scroll labeled SYEFRI XENYDD, it crumbles to dust.
You assume a fearsome visage.
The orc knight looks frightened!
The orc priest looks frightened!
The orc warrior looks frightened!
The orc looks frightened! x2; The warg resists with some effort.
The orc priest looks frightened!
It was a scroll of fear.
The warg bites you!
* * * LOW HITPOINT WARNING * * *
You block the warg's attack. You block the warg's attack.
The warg barely misses you.
You hear the quick rusting of a distant drain.
The warg bites you!
You die...

*,,,,*,,,.........#.....>.#
*,,,,*,,,.........#..o...#*
*,,,,*,,,,........#......##
**,,,*,,,,*#.....##.......#
**,.,*#+##*#.....##.......#
*,,..##...##..............#
*,,.......#......#........#
*,,.......#....h..)......##
*,,.......#..(@((#.#...o.##
*,,.......#(..............#
*,,.......'......#.#.#....#
*,,.......#.......#.......#
###*,.......#......#.#.#.#..##
..#*,..##...##o..............#
..############.....#..##...#.###
............#...>..............##
............#......#.#...#.#.#...


You could see a warg and an orc priest (fleeing).

Vanquished Creatures
  An ogre (D:4)
  A centaur (D:5)
  A scorpion (D:5)
  A crimson imp (D:5)
  A bullfrog zombie (D:5)
  3 orc priests (D:4)
  An iguana (D:4)
  Terence (D:3)
  5 worker ants
  8 adders
  A white imp (D:4)
  2 oozes (D:3)
  An adder skeleton (D:4)
  3 worms
  A dart slug (D:3)
  9 orcs
  18 giant cockroaches
  6 goblins
  4 hobgoblins
  3 quokkas
  2 ball pythons (D:4)
  4 bats
  2 frilled lizards
  A giant cockroach zombie (D:5)
  3 hobgoblin zombies (D:4)
  12 kobolds
  3 kobold skeletons (D:4)
  An orc zombie (D:4)
  A quokka zombie (D:5)
  9 rats
109 creatures vanquished.

Notes
Turn   | Place    | Note
-------+----------+-------------------------------------------
     0 | D:1      | Delamore the Hill Orc Fighter began the quest for the Orb.
     0 | D:1      | Reached XP level 1. HP: 19/19 MP: 1/1
    15 | D:1      | Reached skill level 3 in Axes
   150 | D:1      | Reached XP level 2. HP: 22/26 MP: 2/2
   317 | D:1      | Reached skill level 4 in Axes
   629 | D:2      | Reached XP level 3. HP: 23/31 MP: 3/3
   759 | D:2      | Found a blossoming altar of Fedhas.
   899 | D:2      | Reached skill level 5 in Axes
  1060 | D:2      | Found a faded altar of an unknown god.
  1078 | D:2      | Became a worshipper of Beogh the Brigand
  1078 | D:2      | Reached * piety under Beogh
  1144 | D:3      | Reached XP level 4. HP: 38/39 MP: 4/4
  1267 | D:3      | Reached skill level 6 in Axes
  1271 | D:3      | Reached ** piety under Beogh
  1322 | D:3      | Found a shattered altar of Ashenzari.
  1405 | D:3      | Noticed Terence
  1424 | D:3      | Killed Terence
  1424 | D:3      | Reached XP level 5. HP: 35/45 MP: 5/5
  1591 | D:4      | Found a glowing golden altar of the Shining One.
  1596 | D:4      | Reached skill level 7 in Axes
  1705 | D:4      | Found Akhloung's Antique Weapon Shoppe.
  1714 | D:4      | Found Vunoicai's Assorted Antiques.
  1959 | D:4      | Found a bloodstained altar of Trog.
  1982 | D:4      | Found Monachaj's Weapon Emporium.
  1989 | D:4      | Reached skill level 8 in Axes
  1989 | D:4      | Reached XP level 6. HP: 50/51 MP: 6/6
  2025 | D:4      | Reached skill level 9 in Axes
  2184 | D:4      | Reached *** piety under Beogh
  2184 | D:4      | Reached XP level 7. HP: 57/57 MP: 7/7
  2450 | D:4      | Found a staircase to the Ecumenical Temple.
  2485 | D:4      | Found Goup's General Store.
  2508 | Temple   | Entered the Ecumenical Temple
  2648 | Temple   | Fell from the grace of Beogh
  2648 | Temple   | Became a worshipper of Qazlal Stormbringer
  2780 | D:5      | Entered Level 5 of the Dungeon
  2955 | D:5      | Reached skill level 10 in Axes
  3187 | D:5      | Reached skill level 11 in Axes
  3321 | D:5      | Noticed an orc knight
  3321 | D:5      | Noticed a warg
  3331 | D:5      | Slain by a warg

Levels and vault maps discovered:
D:1:      saegor_arrival_simple_e, layout_loops_cross
D:2:      layout_rooms, fedhas_altar_2, chequers_ecumenical_altar_simple_redux,
          first_ration, hangedman_feature_mirror
D:3:      minmay_roachtagon, layout_rooms, evilmike_ruin_ashenzari, uniq_terence
D:4:      layout_gridville, bloody_trog, nicolae_tso_besieged_by_evil,
          minmay_temple_entry_statues_pillars, serial_shops, shop_fountains,
          shop, shop, shop, minmay_cut_off
D:5:      layout_gridville, portal_sewer_entry_e, hangedman_decor_riveting,
          minmay_misc_feat_cross, grunt_decor_cap
Temple:   hc_temple_tempest_star

Skill      XL: |  1  2  3  4  5  6  7 |
---------------+----------------------+-----
Axes           | 3 4 5 6 8 9 11 | 11.0
Fighting       | |  3.6
Armour         | |  3.2
Shields        | |  3.2

Action                   |  1- 3 |  4- 6 |  7- 9 || total
-------------------------+-------+-------+-------++-------
Melee: War axe           |   135 |   148 |    73 ||   356
  Use: Scroll            |       |       |     4 ||     4
  Eat: Chunk             |     4 |     3 |     3 ||    10
Armor: Scale mail        |    71 |    54 |    21 ||   146
Dodge: Dodged            |    41 |    61 |    25 ||   127
Block: Shield            |    78 |    62 |    35 ||   175
